 Dungeon Crawl Stone Soup version 0.28-a0-535-g6f645e4c1d (webtiles) character file.

Game seed: 17211688285120964723

1290 heikuro the Chopper (level 8, -3/64 HPs)
             Began as a Formicid Fighter on Sept 27, 2021.
             Was a Follower of Okawaru.
             Killed from afar by an electric eel (7 damage)
             ... with a bolt of electricity
             ... on level 8 of the Dungeon.
             The game lasted 00:09:59 (6352 turns).

heikuro the Chopper (Formicid Fighter)              Turns: 6352, Time: 00:09:59

Health: -3/64      AC: 10    Str: 24    XL:     8   Next: 86%
Magic:  9/9        EV: 12    Int:  7    God:    Okawaru [*.....]
Gold:   339        SH:  9    Dex: 16    Spells: 7/7 levels left

rFire   . . .      SeeInvis +   a - +0 battleaxe
rCold   . . .      Faith    .   v - +0 kite shield
rNeg    . . .      Spirit   .   b - +0 scale mail
rPois   .          Reflect  .   (helmet unavailable)
rElec   .          Harm     .   (no cloak)
rCorr   .          Rampage  .   h - +0 pair of gloves
Will    .....                   k - +0 pair of boots
Stlth   ..........              (no amulet)
HPRegen 0.20/turn               n - +6 ring of dexterity
MPRegen 0.11/turn               q - +4 ring of evasion

@: no status effects
A: permanent stasis, dig shafts and tunnels, antennae 3, four strong arms
a: Dig, Shaft Self, Renounce Religion, Heroism


You were on level 8 of the Dungeon.
You worshipped Okawaru.
Okawaru was aware of your devotion.
You visited 1 branch of the dungeon, and saw 7 of its levels.

You collected 339 gold pieces.

Inventory:

Hand Weapons
 a - a +0 battleaxe (weapon)
 p - a +1 whip of flaming
Missiles
 e - 42 poisoned darts (quivered)
 r - 4 boomerangs
 y - a throwing net
Armour
 b - a +0 scale mail (worn)
 h - a +0 pair of gloves (worn)
 k - a +0 pair of boots (worn)
 v - a +0 kite shield (worn)
Jewellery
 f - a ring of magical power
 n - a +6 ring of dexterity (left hand)
 q - a +4 ring of evasion (right hand)
 w - a +4 ring of evasion
 x - a ring of protection from fire
Wands
 d - a wand of acid (7)
 t - a wand of paralysis (10)
 A - a wand of polymorph (10)
Scrolls
 g - 2 scrolls of enchant weapon {unknown}
 i - 4 scrolls of identify
 j - a scroll of vulnerability {unknown}
 o - a scroll of fear {unknown}
 s - 2 scrolls of magic mapping {unknown}
 u - a scroll of acquirement {unknown}
 B - a scroll of teleportation {unknown}
Potions
 l - a potion of magic
 m - a potion of resistance
 z - a potion of ambrosia {unknown}


   Skills:
 + Level 5.9 Fighting
 * Level 6.8 Axes
 + Level 6.0 Armour
 + Level 3.9 Shields
 + Level 2.2 Invocations
 + Level 3.2 Evocations


You had 7 spell levels left.
You didn't know any spells.
Your spell library contained the following spells:

 Spells                   Type           Power      Damage    Failure   Level
 Corpse Rot               Necr/Air       N/A        N/A       99%         2
 Poisonous Vapours        Pois/Air       0%         N/A       99%         2
 Sublimation of Blood     Necr           0%         N/A       99%         2
 Wereblood                Tmut           0%         N/A       99%         2
 Chain Lightning          Conj/Air       0%         N/A       100%        9
 Fire Storm               Conj/Fire      0%         5d1       100%        9
 Shatter                  Erth           0%         3d5*      100%        9
 Summon Hydra             Summ           Unusable   N/A       N/A         7

Dungeon Overview and Level Annotations

Branches:
Dungeon (6/15)
 Temple: D:4-7

Altars:
Dithmenos
Hepliaklqana
Makhleb
Okawaru

Shops:
D:5 *


Innate Abilities, Weirdness & Mutations

You cannot be hasted, slowed, berserked, paralysed or teleported.
You can dig through walls and to a lower floor.
You have a pair of large antennae on your head. (SInv)
Your four strong arms can wield two-handed weapons with a shield.


Message History

The water moccasin poisons you! You block the hound's attack.
The water moccasin bites you but does no damage.
Unknown command.
You feel extremely sick. You block the hound's attack.
You feel very sick. The hound bites you.
You feel very sick.
You feel very sick. You block the hound's attack.
You feel very sick.
Okay, then.
Unknown command.
You feel sick. The hound closely misses you.
You feel sick.
You feel sick. You block the hound's attack.
You feel sick.
Unknown command.
Are you sure you want to shaft yourself?
You feel sick. The hound barely misses you. x2
You begin to dig a shaft.
You continue digging a shaft.
You feel sick. You block the hound's attack. A shaft appears beneath you!
You fall into a shaft and drop 2 floors!
The shaft crumbles and collapses.
You feel sick.
The water moccasin hisses angrily.
Found 32 gold pieces and a pair of boots.
Found a stone staircase leading down.
Unknown command.
Okay, then.
Unknown command.
You feel sick.
You are no longer poisoned.
The electric eel shoots out a bolt of lightning at you!
The bolt of electricity hits you!
* * * LOW HITPOINT WARNING * * *
Unknown command.
The electric eel shoots out a bolt of lightning at you!
The bolt of electricity hits you!
You die...

..........#####
≈.≈zz..........
≈.≈..........#
≈.≈.S.[......#
≈.≈..z...$...#
≈.≈..........
≈.≈......#.#####.
≈.≈.>....@.......
≈.;...$..#.#####.
≈.≈......#.#
..≈..#####..
≈≈≈.. .## .... .#
..# #. .. .


You could see a water moccasin, an electric eel and 3 wights.

Vanquished Creatures
  2 ogres
  A centaur (D:5)
  A phantom (D:6)
  2 scorpions
  A wyvern skeleton (D:6)
  A howler monkey (D:5)
  A centaur zombie (D:6)
  A hound (D:4)
  A jelly (D:4)
  A bullfrog skeleton (D:5)
  4 iguanas
  10 orc wizards
  Ijyb (D:5)
  4 gnolls (D:2)
  A howler monkey skeleton (D:5)
  10 adders
  An ufetubus (D:6)
  2 worms (D:2)
  3 dart slugs
  10 orcs
  6 ball pythons
  17 endoplasms
  3 giant cockroaches
  9 goblins
  5 hobgoblins
  8 jackals
  7 quokkas
  4 bats
  3 frilled lizards
  4 kobolds
  6 rats
130 creatures vanquished.

Vanquished Creatures (others)
  5 fungi (D:1)
  28 plants
  5 toadstools (D:1)
38 creatures vanquished.

Grand Total: 168 creatures vanquished

Notes
Turn   | Place    | Note
-------+----------+-------------------------------------------
     0 | D:1      | heikuro the Formicid Fighter began the quest for the Orb.
     0 | D:1      | Reached XP level 1. HP: 18/18 MP: 1/1
   179 | D:1      | Reached XP level 2. HP: 2/24 MP: 2/2
   532 | D:1      | Reached XP level 3. HP: 28/29 MP: 3/3
   553 | D:1      | Found a faded altar of an unknown god.
  1082 | D:2      | Found a shadowy altar of Dithmenos.
  1383 | D:2      | Reached XP level 4. HP: 24/37 MP: 4/4
  1944 | D:2      | Reached XP level 5. HP: 38/42 MP: 5/5
  2673 | D:3      | Found a hazy altar of Hepliaklqana.
  3017 | D:3      | Reached XP level 6. HP: 9/49 MP: 6/6
  4433 | D:4      | Reached skill level 5 in Axes
  4555 | D:4      | Reached XP level 7. HP: 52/55 MP: 7/7
  4561 | D:4      | Reached skill level 1 in Evocations
  4606 | D:5      | Entered Level 5 of the Dungeon
  4682 | D:5      | Reached skill level 5 in Fighting
  4682 | D:5      | Reached skill level 5 in Armour
  5289 | D:5      | Reached XP level 8. HP: 38/62 MP: 8/8
  5469 | D:5      | Found an iron altar of Okawaru.
  5485 | D:5      | Became a worshipper of Warmaster Okawaru
  5590 | D:5      | Noticed Ijyb
  5606 | D:5      | Killed Ijyb
  5858 | D:5      | Reached skill level 1 in Invocations
  5901 | D:5      | Found Samnecs's Neck Hole.
  6076 | D:6      | Found a burning altar of Makhleb.
  6305 | D:6      | Reached * piety under Okawaru
  6350 | D:6      | You fall into a shaft and drop 2 floors!
  6352 | D:8      | Killed from afar by an electric eel

Illustrated notes

Levels and vault maps discovered:
D:1:      ldierk_walled_garden, layout_basic, dreamdust_ecumenical_altar_grove,
          hex_intersection, minmay_misc_feat_doors, minmay_crystal_water,
          minmay_misc_feat_iff
D:2:      cheibrodos_helix_gallery, layout_loops_ring, serial_bayou,
          serial_bayou_pond_d, serial_bayou_ford_a, serial_bayou_crossing,
          serial_bayou_pond_e, serial_bayou_pond_e, serial_bayou_pond_b,
          basic_altar, minmay_unequal
D:3:      layout_basic, mainiacjoe_overflow_alcove_1, wad_woods_river_04
D:4:      layout_gridville, st_stairs_3, kennysheep_decorative_pillar
D:5:      layout_gridville, okawaru_gym_becter,
          nicolae_shop_sticking_my_neck_out, uniq_ijyb
D:6:      layout_basic, overflow_temple_1_default,
          minmay_temple_entry_gardened_gates
D:8:      hangedman_cross_stitches, layout_basic,
          nicolae_uskayaw_murder_on_the_dancefloor, lemuel_tele_altar,
          serial_shops, nicolae_shop_crystal, nicolae_inconvenience_store,
          centaur_isle

Skill      XL: |  1  2  3  4  5  6  7  8 |
---------------+-------------------------+-----
Axes           | 3 4 5 6 |  6.8
Armour         | 4 5 6 |  6.0
Fighting       | 4 5 |  5.9
Evocations     | 2 3 |  3.2
Invocations    | 2 |  2.2
Shields        | |  3.9

Action                   |  1- 3 |  4- 6 |  7- 9 || total
-------------------------+-------+-------+-------++-------
Melee: War axe           |    81 |    74 |       ||   155
       Battleaxe         |       |   122 |   108 ||   230
Throw: Dart              |       |       |     9 ||     9
 Abil: Shaft Self        |       |       |     1 ||     1
  Use: Scroll            |       |     3 |     1 ||     4
       Potion            |       |       |     1 ||     1
Armor: Scale mail        |    30 |    81 |    55 ||   166
Dodge: Dodged            |    38 |    99 |    90 ||   227
Block: Buckler           |    17 |    39 |    34 ||    90
       Kite shield       |       |       |    18 ||    18

Table legend: (Time is in decaauts)
 A = Elapsed time spent in this place.
 B = Non-inter-level travel time spent in this place.
 C = Inter-level travel time spent in this place.
 D = Time resting spent in this place.
 E = Time spent auto-exploring this place.
 F = Levels seen in this place.
 G = Mean time per level.
                   A        B        C        D        E       F      G
               +--------+--------+--------+--------+--------+-----+--------+
         Total |   6559 |   6434 |    125 |   1531 |   3350 |   7 |  937.0 |
       Dungeon |   6559 |   6434 |    125 |   1531 |   3350 |   7 |  937.0 |
               +--------+--------+--------+--------+--------+-----+--------+

Top non-repeatable levels by time:
     D:3: 1430 daAuts
     D:1: 1322 daAuts
     D:2: 1296 daAuts
     D:5: 1162 daAuts
     D:4: 973 daAuts
     D:6: 371 daAuts
     D:8: 1 daAuts
